 Dungeon Crawl Stone Soup version 0.30.1-11-g7821555f0a (webtiles) character file.

Game seed: 6243277249371675669

207 lonewolfV2 the Chopper (level 5, -7/48 HPs)
             Began as a Minotaur Fighter on Nov 14, 2023.
             Mangled by an ogre
             ... wielding a +0 giant club
              (19 damage)
             ... on level 4 of the Dungeon.
             The game lasted 00:02:38 (2755 turns).

lonewolfV2 the Chopper (Minotaur Fighter)           Turns: 2755, Time: 00:02:38

Health: -7/48      AC:  6    Str: 20    XL:     5   Next: 54%
Magic:  4/4        EV:  9    Int:  5    God:
Gold:   138        SH:  4    Dex: 12    Spells: 4/4 levels left

rFire   . . .        a - +0 war axe
rCold   . . .        c - +0 buckler
rNeg    . . .        b - +0 scale mail
rPois   .            (helmet restricted)
rElec   .            (no cloak)
rCorr   .            (no gloves)
SInv    .            (no boots)
Will    .....        (no amulet) Stlth
                     (no ring)
HPRegen 0.28/turn    (no ring)
MPRegen 0.09/turn

%: no passive effects
@: mighty
A: horns 2, retaliatory headbutt
a: no special abilities


You were on level 4 of the Dungeon.
You visited 1 branch of the dungeon, and saw 4 of its levels.

You collected 138 gold pieces.

Inventory:

Hand Weapons
 a - a +0 war axe (weapon)
Armour
 b - a +0 scale mail (worn)
 c - a +0 buckler (worn)
Wands
 f - a wand of charming (7)
Scrolls
 g - a scroll of teleportation
 h - a scroll of magic mapping
Potions
 e - a potion of resistance
 i - 2 potions of curing {unknown}
 k - a potion of flight {unknown}


   Skills:
 + Level 5.5 Fighting
 + Level 5.7 Axes
 - Level 3.6 Armour
 - Level 3.6 Shields


You had 4 spell levels left.
You didn't know any spells.
Your spell library contained the following spells:

 Spells                   Type           Power      Damage    Failure   Level
 Kiss of Death            Conj/Necr      0%         2d5       88%         1
 Slow                     Hex            0%         N/A       88%         1
 Dazzling Flash           Conj/Hex       0%         N/A       99%         3
 Stone Arrow              Conj/Erth      0%         3d7       99%         3
 Animate Armour           Summ/Erth      0%         N/A       100%        4
 Haunt                    Necr/Summ      0%         N/A       100%        7
 Borgnjor's Revivificati  Necr           0%         N/A       100%        8
 Lehudib's Crystal Spear  Conj/Erth      0%         10d2      100%        8


Dungeon Overview and Level Annotations

Branches:
Dungeon (4/15)
 Temple: D:4-7

Altars:
Fedhas


Innate Abilities, Weirdness & Mutations

You have a pair of horns on your head.
You reflexively headbutt those who attack you in melee.


Message History

The iguana is moderately wounded.
The iguana closely misses you. x2
You slash the iguana!
The iguana is almost dead.
You block the iguana's attack.
You hit the iguana but do no damage.
The iguana is almost dead.
The iguana barely misses you.
You hit the iguana but do no damage.
The iguana is almost dead.
The iguana barely misses you. The iguana closely misses you.
You furiously retaliate!
You headbutt the iguana.
You kill the iguana!
You see here an iguana corpse.
HP restored.
An ogre comes into view. It is wielding a +0 giant club.
An ogre is nearby!
An ogre is nearby!
An ogre is nearby!
You barely miss the ogre.
The ogre hits you with a +0 giant club!!
You hit the ogre. You headbutt the ogre.
The ogre is lightly wounded.
The ogre hits you but does no damage.
You barely miss the ogre.
You headbutt the ogre, but do no damage.
The ogre is lightly wounded.
You barely miss the ogre.
The ogre is lightly wounded.
The ogre misses you.
You feel very mighty all of a sudden. The ogre hits you with a +0 giant club!
* * * LOW HITPOINT WARNING * * *
You barely miss the ogre.
The ogre is lightly wounded.
You block the ogre's attack.
You hit the ogre.
The ogre is moderately wounded.
The ogre hits you with a +0 giant club!!
You die...

#.#.# #.#### #.#.#
#....####.#.#######
#..................
#.........#.#######
#.....###....##
##.#.# #.....#
#.O..####....##
#@.......#.##
##########.# #.#
##+## ##...##
##.<...##
##.......##
#.........###
+.........+..


You could see an ogre.

Vanquished Creatures
  A scorpion (D:4)
  An iguana (D:4)
  5 adders
  A worm (D:2)
  2 dart slugs (D:2)
  11 orcs (D:3)
  6 ball pythons
  8 endoplasms
  A giant cockroach (D:3)
  3 goblins
  4 hobgoblins
  5 kobolds
  2 bats
  5 frilled lizards
  3 rats (D:2)
58 creatures vanquished.

Notes
Turn   | Place    | Note
-------+----------+-------------------------------------------
     0 | D:1      | lonewolfV2 the Minotaur Fighter began the quest for the
                  | Orb.
     0 | D:1      | Reached XP level 1. HP: 19/19 MP: 0/0
   498 | D:1      | Reached XP level 2. HP: 27/27 MP: 1/1
  1140 | D:2      | Reached XP level 3. HP: 34/34 MP: 2/2
  1140 | D:2      | Found a faded altar of an unknown god.
  1706 | D:3      | Got Sif Muna's Guide on Evil Bewitchment
  1815 | D:3      | Reached XP level 4. HP: 41/41 MP: 3/3
  1823 | D:3      | Found a faded altar of an unknown god.
  1845 | D:3      | Found a blossoming altar of Fedhas.
  1934 | D:3      | Reached skill level 5 in Fighting
  2411 | D:4      | Noticed a scorpion
  2418 | D:4      | Killed a scorpion
  2419 | D:4      | Reached skill level 5 in Axes
  2419 | D:4      | Reached XP level 5. HP: 21/48 MP: 4/4
  2746 | D:4      | Noticed an ogre
  2755 | D:4      | Mangled by an ogre

Illustrated notes

Levels and vault maps discovered:
D:1:      giann_bridges, layout_basic
D:2:      layout_loops_corners, nicolae_ecumenical_lake_church,
          minmay_misc_feat_pillars, kennysheep_decorative_pillar
D:3:      layout_basic, nicolae_overflow_ecumenical_swirl, serial_rivers,
          chequers_serial_rivers_micro_d, chequers_serial_rivers_small_a,
          chequers_serial_rivers_micro_b, chequers_serial_rivers_large_a,
          chequers_serial_rivers_room_b
D:4:      wad_river_or_something, layout_loops_corners,
          lemuel_coloured_pillars_altar, minmay_temple_entry_butterflies,
          serial_shops, nicolae_shop_just_a_little_nook, uniq_robin,
          uniq_sigmund, uniq_menkaure

Skill      XL: |  1  2  3  4 |
---------------+-------------+-----
Fighting       | 4 5 |  5.5
Axes           | 3 4 5 |  5.7
Armour         | |  3.6
Shields        | |  3.6

Action                     |  1- 3 |  4- 6 || total
---------------------------+-------+-------++-------
  Melee: War axe           |    79 |    51 ||   130
         Headbutt          |     8 |    10 ||    18
    Use: Scroll            |     4 |     2 ||     6
         Potion            |       |     1 ||     1
 Armour: Scale mail        |    43 |    22 ||    65
  Dodge: Dodged            |    40 |    25 ||    65
  Block: Buckler           |    19 |    17 ||    36
